[Event "Titled Tuesday Blitz February 28 Early 2023"]
[White "Madaminov, Mukhiddin"]
[Black "Deac, Bogdan-Daniel"]
[WhiteFideId "14210703"]
[BlackFideId "1226380"]
[WhiteElo "2511"]
[BlackElo "2649"]
[Result "1/2-1/2"]
[Round "08"]
[TimeControl "180+2"]
[Date "2023.02.28"]
[WhiteClock "0:00:03"]
[BlackClock "0:00:05"]

1. d4 d5 2. Nc3 Bf5 3. f3 e6 4. e4 Bg6 5. h4 h6 6. h5 Bh7 7. Bd3 Bb4 8. Ne2 Nc6 9. exd5 Bxd3 10. Qxd3 Qxd5 11. Be3 Nge7 12. O-O-O Qa5 13. a3 Bxc3 14. Nxc3 O-O-O 15. g4 Nd5 16. Nxd5 Qxd5 17. Rhf1 Qa2 18. c3 Na5 19. Qb1 Qb3 20. Qc2 Qb5 21. Bf4 Rd7 22. Kb1 Rhd8 23. Ka2 Nc6 24. b3 Ne7 25. Bc1 Qc6 26. Bb2 Nd5 27. Qd2 b6 28. c4 Nf6 29. Qe2 a5 30. a4 Kb8 31. Rd2 Ne8 32. Rfd1 Nf6 33. Rd3 Qd6 34. Bc1 Qg3 35. Kb1 Qd6 36. Kc2 Ka7 37. Qe5 Qc6 38. Ba3 Ne8 39. Qb5 Qb7 40. Qe5 Qc6 41. Qe4 Qb7 42. Qxb7+ Kxb7 43. Bb2 Nf6 44. R3d2 Ne8 45. Re2 c6 46. Rde1 Rd6 47. Rd2 R6d7 48. Red1 Rd6 49. Kd3 f6 50. Ke3 Nc7 51. Ba3 R6d7 52. Ke4 Na6 53. f4 Nc7 54. f5 Re8 55. Kf3 exf5 56. gxf5 Red8 57. Rd3 c5 58. d5 Ne8 59. Re3 Nd6 60. Kf4 Nf7 61. Bb2 Ng5 62. Rde1 Kc7 63. Re8 Rxe8 64. Rxe8 Rd8 65. Re7+ Rd7 66. Re8 Rd8 67. Re7+ Rd7 68. Re3 Kd8 69. Bc3 Re7 70. Rxe7 Kxe7 71. Bd2 Kd7 72. Be1 Nf7 73. Ke4 Nd6+ 74. Kf4 Nf7 75. Bg3 Nd6 76. Bh2 Nf7 77. Kg4 Ng5 78. Bf4 Ne4 79. Kf3 Ng5+ 80. Kg4 Nf7 81. Kf3 Nd8 82. Ke4 Nb7 83. Bg3 Ke7 84. Bc7 Nd6+ 85. Kf4 Nc8 86. Ke4 Kd7 87. Bg3 Nd6+ 88. Kf4 Nf7 89. Kg4 Ng5 90. Bf4 1/2-1/2


[Site "https://www.chess.com"]

[Event "Titled Tuesday Blitz February 28 Early 2023"]
[White "Indjic, Aleksandar"]
[Black "Shimanov, Aleksandr"]
[WhiteFideId "911925"]
[BlackFideId "4198603"]
[WhiteElo "2625"]
[BlackElo "2631"]
[Result "1-0"]
[Round "08"]
[TimeControl "180+2"]
[Date "2023.02.28"]
[WhiteClock "0:01:06"]
[BlackClock "0:00:01"]

1. d4 d5 2. c4 c6 3. Nf3 Nf6 4. Qc2 dxc4 5. e4 b5 6. b3 cxb3 7. axb3 e6 8. Bd3 a5 9. O-O Na6 10. Qxc6+ Bd7 11. Qc2 Nb4 12. Qe2 Nxd3 13. Qxd3 Be7 14. Bg5 h6 15. Bxf6 Bxf6 16. Nc3 b4 17. Na4 O-O 18. Nc5 Bc6 19. Rfc1 Qb6 20. Qe3 Rfd8 21. h4 Rac8 22. Rc2 Be8 23. Rac1 Be7 24. g4 Bxc5 25. Rxc5 Rxc5 26. dxc5 Qc7 27. g5 hxg5 28. hxg5 e5 29. c6 f6 30. gxf6 gxf6 31. Kh1 Qh7+ 32. Nh2 Rc8 33. Qg3+ Kh8 34. Qg4 f5 35. Qg3 Qg7 36. Qh4+ Qh7 37. Qf6+ Qg7 38. Qe6 Ra8 39. Rg1 Bf7 40. Qxf5 1-0


[Site "https://www.chess.com"]

[Event "Titled Tuesday Blitz February 28 Early 2023"]
[White "Koelle, Tobias"]
[Black "Sadhwani, Raunak"]
[WhiteFideId "16207378"]
[BlackFideId "35093487"]
[WhiteElo "2497"]
[BlackElo "2631"]
[Result "0-1"]
[Round "08"]
[TimeControl "180+2"]
[Date "2023.02.28"]
[WhiteClock "0:01:12"]
[BlackClock "0:00:25"]

1. d4 g6 2. e4 d6 3. Nc3 Bg7 4. Be3 c6 5. Qd2 b5 6. a3 a5 7. f4 Nf6 8. Nf3 Bb7 9. e5 Nfd7 10. Bd3 O-O 11. h4 b4 12. Ne4 c5 13. h5 cxd4 14. Bxd4 Nc6 15. hxg6 hxg6 16. Be3 bxa3 17. Rxa3 Nb4 18. f5 Nxd3+ 19. cxd3 Nxe5 20. Bh6 Nxf3+ 21. gxf3 Bd4 22. Qg5 Bxe4 23. fxe4 e6 24. Qg2 exf5 25. Bxf8 Kxf8 26. exf5 Rb8 27. fxg6 Rxb2 28. Qe4 Qf6 29. Kd1 Rb1+ 30. Kc2 Qf2+ 0-1


[Site "https://www.chess.com"]

[Event "Titled Tuesday Blitz February 28 Early 2023"]
[White "Ahmadzada, Ahmad"]
[Black "Bortnyk, Olexandr"]
[WhiteFideId "13413007"]
[BlackFideId "14120828"]
[WhiteElo "2388"]
[BlackElo "2734"]
[Result "1/2-1/2"]
[Round "08"]
[TimeControl "180+2"]
[Date "2023.02.28"]
[WhiteClock "0:00:07"]
[BlackClock "0:00:07"]

1. Nf3 Nf6 2. g3 b6 3. Bg2 Bb7 4. O-O g6 5. b3 Bg7 6. Bb2 O-O 7. d4 d5 8. Nbd2 e6 9. e3 c5 10. dxc5 bxc5 11. c4 Nc6 12. Ne5 Qb6 13. Qe2 Rad8 14. Nxc6 Bxc6 15. cxd5 exd5 16. Rfd1 Rfe8 17. Rac1 Bb5 18. Qf3 Qa6 19. Bf1 Bxf1 20. Nxf1 Ne4 21. Bxg7 Kxg7 22. Rc2 Re5 23. Qg2 d4 24. f3 Nd6 25. exd4 Nf5 26. dxe5 Rxd1 27. Qe2 Qxe2 28. Rxe2 Nd4 29. Rf2 a5 30. Kg2 a4 31. bxa4 c4 32. Ne3 Rc1 33. Rd2 Nf5 34. Nxf5+ gxf5 35. f4 c3 36. Re2 Rb1 37. Kh3 Rb2 38. Re3 c2 39. Rc3 Rxa2 40. a5 f6 41. exf6+ Kxf6 42. a6 Rxa6 43. Rxc2 Kg6 44. Rc5 Rb6 45. Kh4 Ra6 46. h3 Rb6 47. Rd5 Ra6 48. g4 fxg4 49. hxg4 Rb6 50. Re5 Ra6 51. Rg5+ Kf6 52. Rh5 Kg6 53. Rc5 Rb6 54. f5+ Kf6 55. Kh5 Ra6 56. Rb5 Kg7 57. Rb7+ Kg8 58. Rb8+ Kg7 59. Rb7+ Kg8 60. Kg5 Rc6 61. Ra7 Rb6 62. f6 Rc6 63. Re7 Rb6 64. Rg7+ Kh8 65. Rc7 Kg8 66. Kf5 Ra6 67. g5 Rb6 68. Rd7 Ra6 69. Ke5 Rb6 70. Rd6 Rb1 71. Ke6 Re1+ 72. Kd7 Kf7 73. Kd8 Re8+ 74. Kc7 Ra8 75. Rd7+ Kg6 76. Rg7+ Kf5 77. f7 Ke6 78. Rg8 Ra7+ 79. Kc6 Rxf7 80. g6 hxg6 81. Rxg6+ Kf5 82. Rd6 Ra7 83. Kc5 Ra5+ 84. Kb6 Ra1 85. Rc6 Ke5 86. Rc5+ Kd6 87. Ra5 Rb1+ 88. Rb5 Rc1 89. Rb3 Rc6+ 90. Kb5 Rc5+ 91. Kb4 Rc6 92. Rd3+ Kc7 93. Rc3 Rxc3 94. Kxc3 1/2-1/2


[Site "https://www.chess.com"]

[Event "Titled Tuesday Blitz February 28 Early 2023"]
[White "Makarian, Rudik"]
[Black "Mikhailovsky, Vladimir"]
[WhiteFideId "44105681"]
[BlackFideId "34105414"]
[WhiteElo "2419"]
[BlackElo "2282"]
[Result "1/2-1/2"]
[Round "08"]
[TimeControl "180+2"]
[Date "2023.02.28"]
[WhiteClock "0:00:07"]
[BlackClock "0:00:04"]

1. d4 d6 2. c4 e5 3. Nc3 exd4 4. Qxd4 Nc6 5. Qd2 Nf6 6. Nf3 Be7 7. g3 O-O 8. Bg2 Ne5 9. b3 Nxf3+ 10. exf3 d5 11. cxd5 Bb4 12. O-O Nxd5 13. Qxd5 Bxc3 14. Qxd8 Rxd8 15. Bg5 f6 16. Rac1 Bb2 17. Rc2 fxg5 18. Rxb2 Bf5 19. f4 gxf4 20. Bxb7 Rab8 21. Bf3 Rd3 22. Be2 Rc3 23. Rd2 Re8 24. Bc4+ Kf8 25. Rd5 Be6 26. Rd3 Rxd3 27. Bxd3 Rd8 28. Bxh7 Rd2 29. gxf4 Rxa2 30. Rc1 Bxb3 31. Be4 Ra4 32. Bg2 Rxf4 33. Rxc7 Rc4 34. Rxc4 Bxc4 35. Bc6 Ke7 36. f4 Kd6 37. Ba4 Kc5 38. Kf2 Kb4 39. Be8 a5 40. Ke3 Bb5 41. Bf7 a4 42. Kd2 Bc4 43. Bg6 a3 44. Kc2 Kc5 45. h4 Kd4 46. Kb1 Ke3 47. f5 Kf4 48. Ka1 Bd5 49. h5 Kg5 50. Kb1 Be4+ 51. Ka1 Bxf5 52. Be8 Be6 53. Kb1 Kh6 54. Ka1 Bg4 55. Ka2 Bxh5 56. Bd7 Kg5 57. Kxa3 Kf4 58. Kb2 g5 59. Kc2 Bg4 60. Bc6 Bf3 61. Bd7 Bg4 62. Bc6 Ke3 63. Kc1 Bf5 64. Kd1 g4 65. Ke1 Bd3 66. Bb7 g3 67. Bc6 Be2 68. Bb7 Bf3 69. Bxf3 Kxf3 70. Kf1 g2+ 71. Kg1 Kg3 1/2-1/2


[Site "https://www.chess.com"]

[Event "Titled Tuesday Blitz February 28 Early 2023"]
[White "Bews, Steven"]
[Black "Babazada, Khazar"]
[WhiteFideId "2400529"]
[BlackFideId "13413554"]
[WhiteElo "2601"]
[BlackElo "2359"]
[Result "0-1"]
[Round "08"]
[TimeControl "180+2"]
[Date "2023.02.28"]
[WhiteClock "0:00:07"]
[BlackClock "0:00:46"]

1. e4 Nf6 2. Nc3 d5 3. e5 Nfd7 4. e6 fxe6 5. Nf3 c5 6. d4 Nc6 7. Bb5 a6 8. Bxc6 bxc6 9. O-O g6 10. Re1 Bg7 11. Rxe6 O-O 12. Rxc6 cxd4 13. Nxd4 Ne5 14. Rc5 Nd7 15. Rxd5 Qb6 16. Nf3 Nf6 17. Rd4 e5 18. Nxe5 Ng4 19. Nd5 Qa7 20. Nxg4 Qxd4 21. Qxd4 Bxd4 22. Be3 Bxb2 23. Rb1 Bxg4 24. Rxb2 Rad8 25. c4 Be6 26. Rd2 Bxd5 27. cxd5 Rf5 28. d6 Kf7 29. g3 Ke6 30. Rb2 Rxd6 31. Rb7 Rf7 32. Rb4 Kd5 33. Kg2 Rc6 34. Rd4+ Ke5 35. Ra4 Rb7 36. Bf4+ Kd5 37. Be3 Rb2 38. Rd4+ Ke6 39. Re4+ Kd7 40. Rd4+ Rd6 41. Rh4 h5 42. a4 Re6 43. Kf3 Kc6 44. Rc4+ Kb7 45. Rd4 a5 46. Rd5 Ka6 47. Rd7 Rb7 48. Rd5 Rb4 49. Rd4 Rxd4 50. Bxd4 Rc6 51. Ke4 Rc4 52. f4 Rxa4 53. h3 Rb4 54. g4 hxg4 55. hxg4 a4 56. f5 gxf5+ 57. gxf5 a3 58. f6 a2 59. f7 Rxd4+ 0-1


[Site "https://www.chess.com"]

[Event "Titled Tuesday Blitz February 28 Early 2023"]
[White "Grigoriants, Sergey"]
[Black "Cherniaiev, Tykhon"]
[WhiteFideId "4130804"]
[BlackFideId "14182360"]
[WhiteElo "2502"]
[BlackElo "2450"]
[Result "1-0"]
[Round "08"]
[TimeControl "180+2"]
[Date "2023.02.28"]
[WhiteClock "0:00:54"]
[BlackClock "0:01:00"]

1. d4 Nf6 2. c4 e6 3. g3 d5 4. Bg2 Be7 5. Nf3 O-O 6. O-O dxc4 7. Qc2 a6 8. Qxc4 b5 9. Qc2 Bb7 10. Bd2 Nbd7 11. Ba5 Nb6 12. Nbd2 Rc8 13. b4 Bxf3 14. Nxf3 Nc4 15. Ne5 Nxa5 16. bxa5 Qxd4 17. Nc6 Qc5 18. Rac1 Qa3 19. Rfd1 Bd6 20. Rd3 Qa4 21. Qxa4 bxa4 22. Rxd6 cxd6 23. Ne7+ Kh8 24. Rxc8 Rxc8 25. Nxc8 d5 26. e3 Nd7 27. Nd6 Nc5 28. Nxf7+ Kg8 29. Ne5 a3 30. Bf1 Kf8 31. Nc6 Ke8 32. Nb4 Kd7 33. Bxa6 Kc7 34. Bd3 Na4 35. Bxh7 Nc3 36. Bc2 Kd6 37. a6 Nb5 38. Ba4 Na7 39. Bb3 Kc5 40. Nc2 Kb6 41. Nxa3 Kxa6 42. f4 Kb6 43. Nc2 Kc5 44. Nd4 Kd6 45. Kf2 Nc8 46. Kf3 Nb6 47. g4 Nd7 48. g5 Nc5 49. Bc2 e5 50. Nf5+ Ke6 51. fxe5 g6 52. Nd4+ Kxe5 53. Bxg6 Na4 54. Bc2 Nc3 55. a4 Na2 56. a5 Nb4 57. h4 Kd6 58. h5 Ke7 59. h6 Kd6 60. h7 Nxc2 61. Nxc2 Kc5 62. h8=Q Kb5 63. Qb8+ Kxa5 64. Nd4 Ka6 65. Qb5+ Ka7 66. Nc6+ Ka8 67. Qb8# 1-0


[Site "https://www.chess.com"]

[Event "Titled Tuesday Blitz February 28 Early 2023"]
[White "Andreikin, Dmitry"]
[Black "Kilic, Eray"]
[WhiteFideId "4158814"]
[BlackFideId "44517173"]
[WhiteElo "2736"]
[BlackElo "2328"]
[Result "1/2-1/2"]
[Round "08"]
[TimeControl "180+2"]
[Date "2023.02.28"]
[WhiteClock "0:00:04"]
[BlackClock "0:00:16"]

1. c4 e5 2. Nc3 Nc6 3. Nf3 g6 4. d4 exd4 5. Nd5 Bg7 6. Bg5 f6 7. Bf4 d6 8. Nxd4 Nge7 9. Nb5 Nxd5 10. cxd5 a6 11. Nxd6+ cxd6 12. dxc6 Qa5+ 13. Bd2 Qb6 14. cxb7 Bxb7 15. Bc3 O-O 16. e3 Rac8 17. Qb3+ Qxb3 18. axb3 f5 19. Kd2 f4 20. exf4 Rxf4 21. f3 Bh6 22. Kc2 d5 23. Kb1 Bg7 24. Bxg7 Kxg7 25. Bxa6 Bxa6 26. Rxa6 Rd4 27. Rc1 Re8 28. Rac6 Re3 29. R6c3 Re2 30. R3c2 Re3 31. Ka2 Rb4 32. Rc3 Re2 33. R1c2 Re1 34. Rd2 Rb5 35. b4 Rxb4 36. Rcd3 Rh4 37. h3 Ra4+ 38. Kb3 Ra8 39. Rxd5 Ree8 40. Rd7+ Kh6 41. R7d4 Rab8+ 42. Rb4 Re3+ 43. Kc4 Rc8+ 44. Kd4 Re7 45. Kd3 Rd8+ 46. Kc2 Rc8+ 47. Kd1 Rec7 48. Rh4+ Kg5 49. Rg4+ Kh6 50. b4 Rc1+ 51. Ke2 Re8+ 52. Kf2 Rb1 53. Kg3 Ree1 54. Rh4+ Kg5 55. Rd5+ Kf6 56. Rxh7 Rxb4 57. Rh4 Rb2 58. Rf4+ Kg7 59. Rg4 Ree2 60. Kh2 Re6 61. h4 Kf7 62. h5 gxh5 63. Rf5+ Rf6 64. Rxh5 Rxf3 65. Rh6 Rf6 66. Rh7+ Ke6 67. Kh3 Rb1 68. Kg3 Rb3+ 69. Kh2 Rb1 70. Rh3 Rb2 71. Re4+ Kf7 72. Rh7+ Kg6 73. Reh4 Rff2 74. R7h6+ Kg7 75. Rh7+ Kg6 76. R4h6+ Kg5 77. Rh5+ Kg6 78. R5h6+ Kg5 79. Kh3 Rxg2 80. Rh5+ Kg6 81. R5h6+ Kg5 82. Rh5+ Kg6 83. R7h6+ Kg7 84. Rh7+ Kg6 1/2-1/2


[Site "https://www.chess.com"]

[Event "Titled Tuesday Blitz February 28 Early 2023"]
[White "Samunenkov, Ihor"]
[Black "Caruana, Fabiano"]
[WhiteFideId "14187086"]
[BlackFideId "2020009"]
[WhiteElo "2457"]
[BlackElo "2818"]
[Result "0-1"]
[Round "08"]
[TimeControl "180+2"]
[Date "2023.02.28"]
[WhiteClock "0:00:03"]
[BlackClock "0:01:04"]

1. d4 d6 2. Nf3 Nf6 3. c4 g6 4. g3 Bg7 5. Bg2 O-O 6. O-O Bf5 7. b3 c5 8. Bb2 Nc6 9. Nbd2 Ne4 10. e3 Nxd2 11. Qxd2 Be4 12. Bc3 a5 13. d5 Bxf3 14. Bxf3 Ne5 15. Be2 a4 16. b4 cxb4 17. Bxb4 Nd7 18. Rab1 Qc7 19. Rfc1 Rfc8 20. Ba3 b6 21. Rb5 Nc5 22. Qc2 h5 23. Rcb1 Nd7 24. h4 Ra7 25. Kg2 Qd8 26. Qd2 Rac7 27. Qb4 Ra7 28. Qd2 Bf6 29. Qd1 Qf8 30. Rc1 Qg7 31. Kh2 Rca8 32. Rcb1 Be5 33. Qc2 Qh6 34. Bb2 Bxb2 35. R1xb2 Qg7 36. Rb1 Qf6 37. Kg2 a3 38. Qe4 Ra5 39. Qd4 Rxb5 40. Rxb5 Ra5 41. Rb3 Kg7 42. Kf1 Ra4 43. Kg2 Ra6 44. Kf1 Ra5 45. Kg2 Kg8 46. Bd3 Nc5 0-1


[Site "https://www.chess.com"]

[Event "Titled Tuesday Blitz February 28 Early 2023"]
[White "Hambleton, Aman"]
[Black "Bluebaum, Matthias"]
[WhiteFideId "2606577"]
[BlackFideId "24651516"]
[WhiteElo "2511"]
[BlackElo "2638"]
[Result "1-0"]
[Round "08"]
[TimeControl "180+2"]
[Date "2023.02.28"]
[WhiteClock "0:00:14"]
[BlackClock "0:00:16"]

1. d4 d5 2. Bf4 c5 3. e3 Nc6 4. c3 e6 5. Nd2 Bd6 6. Qg4 g6 7. Qg3 Bxf4 8. Qxf4 Nge7 9. Ngf3 O-O 10. Qf6 b6 11. Bd3 Bb7 12. h4 Nf5 13. Qxd8 Raxd8 14. h5 Nd6 15. O-O-O Kg7 16. Kb1 f6 17. hxg6 hxg6 18. Rh3 Rh8 19. Rdh1 Rxh3 20. Rxh3 e5 21. Bc2 e4 22. Ng1 Bc8 23. Rh2 f5 24. Rh1 g5 25. a3 Ba6 26. Bd1 cxd4 27. cxd4 Rc8 28. Ne2 Bd3+ 29. Ka2 Nc4 30. Nxc4 Bxc4+ 31. Kb1 b5 32. Nc3 b4 33. axb4 Nxb4 34. g4 Bd3+ 35. Kc1 Na2+ 36. Kd2 Rb8 37. Nxa2 Rxb2+ 38. Kc3 Rxa2 39. gxf5 Rxf2 40. Rg1 Rxf5 41. Bg4 Rf2 42. Be6 Bc4 43. Rxg5+ Kf6 44. Re5 Rf3 45. Bxd5 Bxd5 46. Rxd5 Rxe3+ 47. Kc4 Re1 48. Ra5 Rc1+ 49. Kb3 Rd1 50. Kc3 Rd3+ 51. Kc4 Rd1 52. Kc3 Rh1 53. Rxa7 Rc1+ 54. Kd2 Rh1 55. Ke3 Rh4 56. Ra6+ Kf5 57. Ra5+ Kf6 58. Re5 Rh1 59. Kxe4 Ra1 60. Kd5 Ra5+ 61. Kd6 Ra6+ 62. Kd7 Ra7+ 63. Kc6 Ra6+ 64. Kb5 Ra1 65. Re2 Kf7 66. d5 Rb1+ 67. Kc6 Rc1+ 68. Kd7 Re1 69. Rxe1 Kg6 70. d6 Kg5 71. Re7 Kf4 72. Ke8 Kg3 73. d7 Kh2 74. d8=Q Kg1 75. Qd6 Kh1 76. Rc7 Kg2 77. Qb6 Kh1 78. Rc5 Kg2 79. Qb4 Kf1 80. Rc3 Kg2 81. Qb2+ Kf1 82. Rc1# 1-0


[Site "https://www.chess.com"]

[Event "Titled Tuesday Blitz February 28 Early 2023"]
[White "Mahdavi, Reza"]
[Black "Sarana, Alexey"]
[WhiteFideId "12595926"]
[BlackFideId "24133795"]
[WhiteElo "2242"]
[BlackElo "2717"]
[Result "0-1"]
[Round "08"]
[TimeControl "180+2"]
[Date "2023.02.28"]
[WhiteClock "0:01:50"]
[BlackClock "0:01:56"]

1. Nf3 d5 2. g3 g6 3. Bg2 Bg7 4. d4 c6 5. O-O Nf6 6. c4 dxc4 7. Qc2 b5 8. a4 Bb7 9. Ne5 Nd5 10. Nc3 a6 11. b3 Nb4 12. Qd2 cxb3 13. Qf4 O-O 14. axb5 axb5 15. Rxa8 Bxa8 16. Ba3 Nc2 17. Bc5 Na6 18. Ne4 Nxc5 19. dxc5 Nd4 20. Bf3 Ne6 0-1


[Site "https://www.chess.com"]

[Event "Titled Tuesday Blitz February 28 Early 2023"]
[White "Adhiban, B."]
[Black "Costachi, Mihnea"]
[WhiteFideId "5018471"]
[BlackFideId "1217518"]
[WhiteElo "2587"]
[BlackElo "2456"]
[Result "1-0"]
[Round "08"]
[TimeControl "180+2"]
[Date "2023.02.28"]
[WhiteClock "0:00:36"]
[BlackClock "0:00:06"]

1. b3 d5 2. Bb2 Nf6 3. Nf3 g6 4. c4 c6 5. g3 Bg7 6. Bg2 O-O 7. O-O Bf5 8. d3 Na6 9. Nbd2 Qc8 10. a3 Bh3 11. b4 Bxg2 12. Kxg2 Rd8 13. Rc1 e6 14. Rc2 Ne8 15. Bxg7 Nxg7 16. Qa1 Qd7 17. Ne5 Qe7 18. Ng4 d4 19. f4 h5 20. Ne5 Nf5 21. Rf3 Ne3+ 22. Rxe3 dxe3 23. Ne4 f6 24. Nxg6 Qg7 25. Nxf6+ Kf7 26. Ne5+ Kxf6 27. Nxc6+ Kg6 28. Qxg7+ Kxg7 29. Nxd8 Rxd8 30. Kf3 Nb8 31. b5 Nd7 32. d4 Nf6 33. Kxe3 Ng4+ 34. Ke4 Nf2+ 35. Kf3 Ng4 36. e3 Kf6 37. c5 Ke7 38. h3 Nf6 39. c6 bxc6 40. Rxc6 Rd7 41. a4 Nd5 42. a5 Rb7 43. Rc5 Kd6 44. e4 Nc7 45. b6 axb6 46. axb6 Rxb6 47. Rxh5 Rb3+ 48. Kg4 Nb5 49. d5 Nd4 50. dxe6 Ne2 51. Rh7 Rxg3+ 52. Kf5 Nd4+ 53. Kf6 Nxe6 54. e5+ Kd5 55. Rd7+ Kc6 56. Kxe6 Rg6+ 57. Kf5 Kxd7 58. Kxg6 Ke6 59. h4 1-0


[Site "https://www.chess.com"]

[Event "Titled Tuesday Blitz February 28 Early 2023"]
[White "Hasangatin, Ramil"]
[Black "Daneshvar, Bardiya"]
[WhiteFideId "4122160"]
[BlackFideId "12576468"]
[WhiteElo "2310"]
[BlackElo "2482"]
[Result "1-0"]
[Round "08"]
[TimeControl "180+2"]
[Date "2023.02.28"]
[WhiteClock "0:00:48"]
[BlackClock "0:01:15"]

1. e4 d5 2. exd5 Qxd5 3. Nc3 Qd8 4. d4 Nf6 5. Be2 g6 6. Nf3 Bg7 7. Bg5 h6 8. Bf4 b6 9. Ne5 Bb7 10. Bf3 c6 11. O-O e6 12. Re1 O-O 13. Qd2 Kh7 14. Rad1 Qc8 15. Ne4 Nxe4 16. Bxe4 Nd7 17. Nc4 Nf6 18. Nd6 Nxe4 19. Rxe4 Qd7 20. Be5 c5 21. Rh4 f6 22. Bg3 g5 23. Rh5 cxd4 24. h4 Kg6 25. Qe2 e5 26. hxg5 Qxd6 27. gxh6 Bh8 28. Qg4+ Kf7 29. Qf5 Bc8 30. Qh7+ Ke8 31. Qg6+ Kd7 32. c3 f5 33. Rxd4 1-0


[Site "https://www.chess.com"]

[Event "Titled Tuesday Blitz February 28 Early 2023"]
[White "Svane, Rasmus"]
[Black "Mirzoev, Azer"]
[WhiteFideId "4657101"]
[BlackFideId "13400304"]
[WhiteElo "2597"]
[BlackElo "2525"]
[Result "1-0"]
[Round "08"]
[TimeControl "180+2"]
[Date "2023.02.28"]
[WhiteClock "0:00:10"]
[BlackClock "0:00:16"]

1. Nf3 Nf6 2. g3 d5 3. Bg2 c6 4. O-O Bg4 5. h3 Bh5 6. d4 Nbd7 7. c4 e6 8. cxd5 cxd5 9. Qb3 Qb6 10. Nc3 Qxb3 11. axb3 a6 12. e4 Nxe4 13. Nxe4 dxe4 14. Ng5 Nf6 15. Nxe4 Nxe4 16. Bxe4 O-O-O 17. Be3 Kb8 18. Rfc1 Bg6 19. Bf3 Bd6 20. Rc4 Bd3 21. Rc3 Bf5 22. g4 Bg6 23. Rc4 h5 24. g5 Bd3 25. Rc3 Bf5 26. Kg2 g6 27. Rd1 Rhe8 28. Rc4 Rd7 29. d5 e5 30. Be4 Bxe4+ 31. Rxe4 Rc8 32. Rc4 Rdc7 33. Rxc7 Rxc7 34. Kf3 Rc2 35. Rd2 Rc1 36. Re2 Rh1 37. Kg2 Rb1 38. Rc2 Rd1 39. Rd2 Rc1 40. Kf3 Kc7 41. Re2 Rh1 42. Kg2 Rd1 43. Rd2 Rb1 44. Rc2+ Kd7 45. Bc1 Ra1 46. Kf3 Ra5 47. Ke4 Rb5 48. Rc3 Rb4+ 49. Kf3 Rh4 50. Ke2 Re4+ 51. Be3 Rb4 52. Bd2 Rb5 53. Rd3 Bc5 54. Kf3 Bd4 55. Ke4 Bxb2 56. Rf3 Ke7 57. d6+ Kxd6 58. Rxf7 Rxb3 59. Rf6+ Kc5 60. Rxg6 Bc3 61. Be3+ Bd4 62. Rg8 Bxe3 63. fxe3 a5 64. g6 Rb1 65. g7 Rg1 66. Rc8+ Kb4 67. g8=Q Rxg8 68. Rxg8 a4 69. Kxe5 b5 70. e4 Kb3 71. Kd4 a3 72. e5 a2 73. Ra8 b4 74. Kc5 Kb2 75. Kxb4 1-0


[Site "https://www.chess.com"]

[Event "Titled Tuesday Blitz February 28 Early 2023"]
[White "Demchenko, Anton"]
[Black "Csonka, Balazs"]
[WhiteFideId "4160258"]
[BlackFideId "742910"]
[WhiteElo "2545"]
[BlackElo "2404"]
[Result "1-0"]
[Round "08"]
[TimeControl "180+2"]
[Date "2023.02.28"]
[WhiteClock "0:00:47"]
[BlackClock "0:00:02"]

1. a3 d5 2. Nf3 Nf6 3. g3 c5 4. Bg2 Nc6 5. d4 cxd4 6. Nxd4 e5 7. Nxc6 bxc6 8. c4 Be6 9. O-O Be7 10. Nc3 O-O 11. Qa4 Qb6 12. cxd5 cxd5 13. Bg5 Rad8 14. b4 h6 15. Bd2 d4 16. Ne4 Nxe4 17. Bxe4 f5 18. Bc6 Bc4 19. b5 Bxe2 20. Ba5 Qc5 21. Bb4 Qxb4 22. axb4 Bxf1 23. Kxf1 d3 24. Qxa7 Bxb4 25. b6 d2 26. Ke2 f4 27. b7 Kh8 28. f3 fxg3 29. hxg3 Bc3 30. Rd1 Rb8 31. Be4 Rbd8 32. Qb6 Bd4 33. Qg6 1-0


[Site "https://www.chess.com"]

[Event "Titled Tuesday Blitz February 28 Early 2023"]
[White "Kamsky, Gata"]
[Black "Kucuksari, Kaan"]
[WhiteFideId "2000024"]
[BlackFideId "6380166"]
[WhiteElo "2666"]
[BlackElo "2364"]
[Result "1-0"]
[Round "08"]
[TimeControl "180+2"]
[Date "2023.02.28"]
[WhiteClock "0:00:04"]
[BlackClock "0:00:12"]

1. d4 Nf6 2. Bf4 c5 3. e3 Qb6 4. b3 Nc6 5. c3 d5 6. Bd3 Bg4 7. Nf3 e6 8. O-O Be7 9. h3 Bh5 10. a3 O-O 11. Nbd2 Bg6 12. Bxg6 hxg6 13. dxc5 Qxc5 14. c4 dxc4 15. Nxc4 Nd5 16. Bg3 b5 17. Nce5 Nxe5 18. Bxe5 Rfd8 19. b4 Qb6 20. Qb3 a5 21. e4 Nf6 22. bxa5 Qxa5 23. Bxf6 gxf6 24. Rab1 Qa4 25. Qxb5 Qxe4 26. Qb7 Qxb7 27. Rxb7 Bxa3 28. Rfb1 Bc5 29. R1b2 Rd1+ 30. Kh2 Rf1 31. Rc2 Bxf2 32. Rcc7 Be3 33. Kg3 Rf8 34. Rc3 Bh6 35. Rcc7 Rc1 36. Rd7 Bg7 37. h4 f5 38. h5 gxh5 39. Kh4 Rh1+ 40. Kg5 Rd1 41. Rxd1 f6+ 42. Kg6 1-0


[Site "https://www.chess.com"]

[Event "Titled Tuesday Blitz February 28 Early 2023"]
[White "Mitrabha, Guha"]
[Black "Nazari, Arad"]
[WhiteFideId "5057000"]
[BlackFideId "12577324"]
[WhiteElo "2520"]
[BlackElo "2242"]
[Result "1/2-1/2"]
[Round "08"]
[TimeControl "180+2"]
[Date "2023.02.28"]
[WhiteClock "0:01:11"]
[BlackClock "0:00:05"]

1. d4 Nf6 2. Bg5 e6 3. Nd2 Be7 4. e4 c5 5. e5 Nd5 6. Bxe7 Qxe7 7. Ne4 O-O 8. Nxc5 d6 9. exd6 Qxd6 10. Nf3 b6 11. Nd3 Bb7 12. Be2 Nb4 13. c3 Nxd3+ 14. Qxd3 Nd7 15. O-O Rad8 16. Rad1 h6 17. Qe3 Nf6 18. Ne5 Ba8 19. Bf3 Bd5 20. a3 Rc8 21. Rfe1 Rfd8 22. h3 Bb3 23. Rd2 Nd5 24. Bxd5 Bxd5 25. Qg3 f6 26. Ng6 Qxg3 27. fxg3 Kf7 28. Nf4 Bc4 29. Rf2 a5 30. g4 Rd6 31. Kh2 b5 32. Kg3 b4 33. axb4 axb4 34. Re3 Rb8 35. h4 Rb5 36. Nh3 Ke7 37. g5 hxg5 38. hxg5 bxc3 39. bxc3 Rdb6 40. gxf6+ gxf6 41. Nf4 Kd6 42. Rd2 Rb2 43. Rd1 Rb1 44. Rxb1 Rxb1 45. Nh5 Ke7 46. Nf4 Kd6 47. Kg4 Rc1 48. Kh5 Rh1+ 49. Kg6 e5 50. dxe5+ fxe5 51. Nh5 Ke6 52. g4 Rg1 53. g5 Bb5 54. Kh6 Be8 55. Ng7+ Kf7 56. Rf3+ Ke7 57. Nxe8 Kxe8 58. g6 Ke7 59. g7 e4 60. Rf4 e3 61. Kh7 e2 62. Re4+ Kf7 63. g8=Q+ Rxg8 64. Rxe2 Rc8 65. Re3 Kf6 66. Kh6 Rc5 67. Kh7 Kf7 68. Kh6 Kf6 69. Kh7 Kf7 70. Kh6 Kf6 1/2-1/2


[Site "https://www.chess.com"]

[Event "Titled Tuesday Blitz February 28 Early 2023"]
[White "Kowalczyk, Pawel"]
[Black "Bernadskiy, Vitaliy"]
[WhiteFideId "1130641"]
[BlackFideId "14100371"]
[WhiteElo "2324"]
[BlackElo "2488"]
[Result "1-0"]
[Round "08"]
[TimeControl "180+2"]
[Date "2023.02.28"]
[WhiteClock "0:00:13"]
[BlackClock "0:00:01"]

1. e4 g6 2. d4 d6 3. f4 Na6 4. Nf3 c5 5. Bxa6 Qa5+ 6. Nc3 bxa6 7. dxc5 Qxc5 8. Qd4 Qxd4 9. Nxd4 Bg7 10. Be3 Nf6 11. Nd5 Rb8 12. Nxe7 Bd7 13. Nd5 Nxd5 14. exd5 Rxb2 15. Kd2 Rb4 16. Rab1 Rxd4+ 17. Bxd4 O-O 18. Bxg7 Kxg7 19. Rb7 Bf5 20. c4 Rc8 21. Kc3 Be4 22. Kd4 Bxg2 23. Re1 Kf6 24. Ree7 Kf5 25. Rxf7+ Kg4 26. Rxa7 Bf1 27. Rac7 Rb8 28. Rb7 Rc8 29. Rfc7 Rf8 30. c5 Rxf4+ 31. Ke3 dxc5 32. Rxc5 Bb5 33. Rxh7 Ra4 34. d6 Ra3+ 35. Ke4 Rxa2 36. d7 Re2+ 37. Kd5 Rd2+ 38. Ke6 g5 39. Rg7 Kf4 40. Rf5+ Ke3 41. Re5+ Kf2 42. Rd5 1-0


[Site "https://www.chess.com"]

[Event "Titled Tuesday Blitz February 28 Early 2023"]
[White "Kvaloy, Aksel Bu"]
[Black "Rustemov, Alexander"]
[WhiteFideId "1528815"]
[BlackFideId "4119002"]
[WhiteElo "2208"]
[BlackElo "2887"]
[Result "0-1"]
[Round "08"]
[TimeControl "180+2"]
[Date "2023.02.28"]
[WhiteClock "0:00:02"]
[BlackClock "0:00:48"]

1. d4 g6 2. e4 Bg7 3. Nf3 d6 4. Bd3 Nf6 5. O-O O-O 6. Re1 Bg4 7. Nbd2 Nfd7 8. c3 c5 9. h3 Bxf3 10. Nxf3 Nc6 11. Bc4 Qc7 12. Bb3 Rac8 13. Bg5 Rfe8 14. Rc1 b5 15. Qd2 Na5 16. Bh6 Nxb3 17. axb3 a5 18. h4 Nf6 19. e5 dxe5 20. dxe5 Red8 21. Qg5 Bxh6 22. Qxh6 Ng4 23. Qg5 h5 24. e6 Qd6 25. exf7+ Kxf7 26. g3 Qf6 27. Qxf6+ exf6 28. Ra1 Ra8 29. Rad1 Rxd1 30. Rxd1 a4 31. bxa4 Rxa4 32. Rd7+ Ke6 33. Rb7 b4 34. Rb6+ Kd5 35. Nd2 bxc3 36. bxc3 Ra1+ 37. Kg2 Ra2 38. c4+ Ke5 39. Nf3+ Kf5 40. Ng1 Rxf2+ 41. Kh1 Rh2# 0-1


[Site "https://www.chess.com"]